AoeStats
← Michi3052

Migration

504629084Analyzed
1v1 RM · 27d ago on Sep 6, 2026· 19m 12s· 2 players
Game mode
Random Map
Map size
132×132
Population
200
Speed
Normal
Resources
Standard
Victory
Conquest
Starting age
Dark Age
Ending age
Imperial Age
RankedLock teamsTeams togetherTeam positionsShared explorationLock speedFull tech treeHidden civsTurbo modeCheats
Victory
Defeat
🇪🇸 Turks · Spain
689
+14
🇵🇪 Mongols · Peru
644
-14
Francotrololo
11:56 Feudal Age
12:22 Double-Bit Axe
12:19 Horse Collar
13:15 Wheelbarrow
Michi3052
0:34 Loom
12:47 Feudal Age
11:57 Loom
16:07 Gold Mining
16:07 Double-Bit Axe
16:32 Horse Collar
19:19 Castle Age
Connection lost

Rejoining the realm…

Still unreachable

The connection could not be restored.

Session expired

The server has moved on; the page needs a fresh start.